 Dungeon Crawl Stone Soup version 0.27-a0-773-gaaee5cf45b (webtiles) character file.

Game seed: 137437747979329343

296 sleeves the Chopper (level 6, -1/50 HPs)
             Began as a Palentonga Wanderer on Mar 25, 2021.
             Slain by Pikel
             ... wielding a +1 whip of flaming
              (2 damage)
             ... on level 3 of the Dungeon.
             The game lasted 00:07:31 (3797 turns).

sleeves the Chopper (Palentonga Wanderer)           Turns: 3797, Time: 00:07:31

Health: -1/50      AC:  5    Str: 15    XL:     6   Next: 12%
Magic:  0/10       EV:  8    Int: 11    God:
Gold:   111        SH:  0    Dex: 13    Spells: 11/11 levels left

rFire    . . .     SeeInvis +   o - +0 hand axe
rCold    . . .     Faith    .   (no shield)
rNeg     . . .     Spirit   +   q - +0 ring mail
rPois    .         Reflect  .   (no helmet)
rElec    .         Harm     .   (no cloak)
rCorr    .         Rampage  .   (no gloves)
Will     .....                  (no barding)
Stlth    +.........             p - amulet of guardian spirit
HPRegen  0.16/turn              (no ring)
MPRegen  0.12/turn              (no ring)

@: no status effects
A: large, rugged brown scales 3, see invisible, deformed body, roll 1, armoured
tail
a: Rolling Charge


You were on level 3 of the Dungeon.
You visited 1 branch of the dungeon, and saw 4 of its levels.

You collected 111 gold pieces.

Inventory:

Hand Weapons
 a - a +0 hand crossbow
 b - a +0 mace
   (You found it on level 1 of the Dungeon)
 o - a +0 hand axe (weapon)
   (You found it on level 2 of the Dungeon)
Missiles
 c - 25 bolts
Armour
 f - a +0 kite shield
 m - a +0 tower shield
   (You found it on level 1 of the Dungeon)
 q - a +0 ring mail (worn)
   (You took it off a kobold on level 2 of the Dungeon)
Jewellery
 p - an amulet of guardian spirit (around neck)
   (You found it on level 2 of the Dungeon)
Wands
 t - a wand of random effects (15)
   (You found it on level 3 of the Dungeon)
Scrolls
 e - a scroll of fog {unknown}
 g - a scroll of noise {unknown}
 i - 3 scrolls of identify {unknown}
 j - 2 scrolls of enchant armour {unknown}
 s - a scroll of immolation {unknown}
Potions
 d - 2 potions of lignification
 h - a potion of magic {unknown}
 k - 2 potions of invisibility {unknown}
 l - a potion of brilliance {unknown}
 n - a potion of curing {unknown}
 r - a potion of flight {unknown}


   Skills:
 - Level 3.0 Fighting
 + Level 5.1 Axes
 - Level 1.0 Stealth
 - Level 2.7 Shields
 - Level 3.0 Spellcasting
 - Level 1.0 Fire Magic
 - Level 1.0 Ice Magic


You had 11 spell levels left.
You didn't know any spells.
Your spell library was empty.

Dungeon Overview and Level Annotations

Branches:
Dungeon (4/15)
 Temple: D:4-7

Altars:

Shops:
D:2 (

Annotations:
D:2 1 runed translucent door, Crazy Yiuf
D:3 Pikel


Innate Abilities, Weirdness & Mutations

You are completely covered in rugged brown scales. (AC +3, +7% HP)
You have supernaturally acute eyesight. (SInv)
Armour fits poorly on your strangely shaped body.
You can roll at nearby foes to attack.
You have a long armoured tail.


Message History

No target in view!
No target in view!
A bat comes into view.
A bat is nearby!
A bat is nearby!
A bat is nearby!
A ball python comes into view.
The ball python hisses angrily.
The bat hits you but does no damage. The bat closely misses you.
The bat hits you but does no damage.
Found a stone staircase leading up.
You hit the ball python.
You kill the ball python!
The bat hits you but does no damage. The bat hits you but does no damage.
The bat closely misses you. The bat hits you but does no damage. x2
You hit the bat.
You kill the bat!
e - a scroll labelled WUNTEXT SIKHLI No target in view!
No target in view!
There is a stone staircase leading up here.
r - a metallic brown potion Sigmund the Dreaded comes into view.
He is wielding a +0 scythe.
Sigmund shouts!
Sigmund moves out of view.
No target in view!
No target in view!
No target in view!
No target in view!
No target in view!
No target in view!
Sigmund is nearby!
Sigmund is nearby!
Sigmund is nearby!
Sigmund hits you but does no damage.
You don't know any spells.
Unknown command.
Roll where?
Press: ? - help, Dir - move target, f - Sigmund
Aim: Sigmund, wielding a +0 scythe and wearing a +0 robe You roll forward with a clatter of scales!
You closely miss Sigmund. Sigmund barely misses you.
Sigmund screams, "Die, monster!"
Sigmund hits you with a +0 scythe!
You hit Sigmund.
Your tail-slap misses Sigmund.
Sigmund is lightly wounded.
Sigmund hits you with a +0 scythe!
* * * LOW HITPOINT WARNING * * *
Really quaff the potion of lignification?
You turn into a tree.
Your +0 ring mail melds into your body.
Your roots penetrate the ground.
Sigmund hits you but does no damage.
You barely miss Sigmund.
Sigmund is lightly wounded.
Sigmund hits you but does no damage.
You barely miss Sigmund.
Sigmund is lightly wounded.
Sigmund hits you but does no damage.
You barely miss Sigmund.
Sigmund is lightly wounded.
Sigmund hits you with a +0 scythe!
* * * LOW HITPOINT WARNING * * *
You completely miss Sigmund.
Sigmund is lightly wounded.
Sigmund casts a spell at you.
You are confused.
You cannot move. (Use ctrl+direction or * direction to attack without moving.)
You cannot move. (Use ctrl+direction or * direction to attack without moving.)
You cannot move. (Use ctrl+direction or * direction to attack without moving.) Sigmund gestures at himself while chanting.
Sigmund flickers and vanishes for a moment.
You cannot move. (Use ctrl+direction or * direction to attack without moving.) Unknown command.
You cannot move. (Use ctrl+direction or * direction to attack without moving.) There's something in the way.
Confused cleave: o) +0 hand axe
Press: ? - help, Dir - move target, f - Sigmund
Aim: Sigmund, wielding a +0 scythe and wearing a +0 robe (lightly wounded, slightly transparent, about 66% to evade your +0 hand axe)
You slash Sigmund!
Sigmund is heavily wounded.
Sigmund casts a spell at you.
You are more confused.
There's something in the way.
Unknown command.
Confused cleave: o) +0 hand axe
Press: ? - help, Dir - move target There's something in the way.
There's something in the way.
Confused cleave: o) +0 hand axe
Press: ? - help, Dir - move target, f - Sigmund
Aim: Sigmund, wielding a +0 scythe and wearing a +0 robe (heavily wounded, slightly transparent, about 66% to evade your +0 hand axe)
You closely miss Sigmund.
Sigmund is heavily wounded.
Sigmund hits you with a +0 scythe.
* * * LOW HITPOINT WARNING * * *
Confused cleave: o) +0 hand axe
Press: ? - help, Dir - move target, f/p - Sigmund
Aim: Sigmund, wielding a +0 scythe and wearing a +0 robe (heavily wounded, slightly transparent, about 66% to evade your +0 hand axe)
You miss Sigmund.
Sigmund is heavily wounded.
Sigmund hits you but does no damage.
Confused cleave: o) +0 hand axe
Press: ? - help, Dir - move target, f/p - Sigmund
Aim: Sigmund, wielding a +0 scythe and wearing a +0 robe (heavily wounded, slightly transparent, about 66% to evade your +0 hand axe)
You hit Sigmund but do no damage.
Sigmund is heavily wounded.
Sigmund casts a spell at you. You resist with significant effort.
There's something in the way.
Unknown command.
Confused cleave: o) +0 hand axe
Press: ? - help, Dir - move target, f - Sigmund
Aim: Sigmund, wielding a +0 scythe and wearing a +0 robe (moderately wounded, slightly transparent, about 66% to evade your +0 hand axe)
You barely miss Sigmund.
Sigmund is moderately wounded.
Sigmund hits you with a +0 scythe.
* * * LOW HITPOINT WARNING * * *
Sigmund hits you but does no damage.
You hit Sigmund. Sigmund hits you but does no damage.
There's something in the way.
You nearly hit yourself!
Sigmund casts a spell at you. You resist with significant effort.
Confused cleave: o) +0 hand axe
Press: ? - help, Dir - move target, f - Sigmund
Aim: Sigmund, wielding a +0 scythe and wearing a +0 robe (heavily wounded, slightly transparent, about 66% to evade your +0 hand axe)
You miss Sigmund.
Sigmund is heavily wounded.
Sigmund completely misses you.
There's something in the way.
Confused cleave: o) +0 hand axe
Press: ? - help, Dir - move target, f - Sigmund
Aim: Sigmund, wielding a +0 scythe and wearing a +0 robe (heavily wounded, slightly transparent, about 66% to evade your +0 hand axe)
You closely miss Sigmund.
Sigmund is heavily wounded.
Sigmund hits you but does no damage.
Confused cleave: o) +0 hand axe
Press: ? - help, Dir - move target, f/p - Sigmund
Aim: Sigmund, wielding a +0 scythe and wearing a +0 robe (heavily wounded, slightly transparent, about 66% to evade your +0 hand axe)
You miss Sigmund.
Sigmund is heavily wounded.
Sigmund barely misses you.
There's something in the way.
Confused cleave: o) +0 hand axe
Press: ? - help, Dir - move target There's something in the way.
You nearly hit yourself!
You feel less confused. Sigmund hits you but does no damage.
Cleave: o) +0 hand axe
Press: ? - help, Dir - move target, f - Sigmund
Aim: Sigmund, wielding a +0 scythe and wearing a +0 robe (heavily wounded, slightly transparent, about 47% to evade your +0 hand axe)
You hit Sigmund.
Sigmund is heavily wounded.
Sigmund hits you but does no damage.
Cleave: o) +0 hand axe
Press: ? - help, Dir - move target, f/p - Sigmund
Aim: Sigmund, wielding a +0 scythe and wearing a +0 robe (heavily wounded, slightly transparent, about 47% to evade your +0 hand axe)
You hit Sigmund.
Sigmund is severely wounded.
Sigmund hits you but does no damage.
Cleave: o) +0 hand axe
Press: ? - help, Dir - move target, f/p - Sigmund
Aim: Sigmund, wielding a +0 scythe and wearing a +0 robe (severely wounded, slightly transparent, about 47% to evade your +0 hand axe)
You closely miss Sigmund.
Sigmund is severely wounded.
Sigmund hits you but does no damage.
Cleave: o) +0 hand axe
Press: ? - help, Dir - move target, f/p - Sigmund
Aim: Sigmund, wielding a +0 scythe and wearing a +0 robe (severely wounded, slightly transparent, about 47% to evade your +0 hand axe)
You hit Sigmund.
Sigmund is severely wounded.
Sigmund hits you with a +0 scythe.
* * * LOW HITPOINT WARNING * * *
Sigmund hits you but does no damage.
Cleave: o) +0 hand axe
Press: ? - help, Dir - move target, f/p - Sigmund
Aim: Sigmund, wielding a +0 scythe and wearing a +0 robe (severely wounded, slightly transparent, about 47% to evade your +0 hand axe)
You barely miss Sigmund.
Sigmund is severely wounded.
Sigmund hits you but does no damage.
Cleave: o) +0 hand axe
Press: ? - help, Dir - move target, f/p - Sigmund
Aim: Sigmund, wielding a +0 scythe and wearing a +0 robe (severely wounded, slightly transparent, about 47% to evade your +0 hand axe)
You hit Sigmund.
Sigmund is almost dead.
Sigmund hits you but does no damage.
Cleave: o) +0 hand axe
Press: ? - help, Dir - move target, f/p - Sigmund
Aim: Sigmund, wielding a +0 scythe and wearing a +0 robe (almost dead, slightly transparent, about 47% to evade your +0 hand axe)
You hit Sigmund but do no damage.
Sigmund is almost dead.
Sigmund hits you with a +0 scythe.
* * * LOW HITPOINT WARNING * * *
Cleave: o) +0 hand axe
Press: ? - help, Dir - move target, f/p - Sigmund
Aim: Sigmund, wielding a +0 scythe and wearing a +0 robe (almost dead, slightly transparent, about 47% to evade your +0 hand axe)
You barely miss Sigmund.
Sigmund is almost dead.
Sigmund hits you with a +0 scythe.
* * * LOW HITPOINT WARNING * * *
Cleave: o) +0 hand axe
Press: ? - help, Dir - move target, f/p - Sigmund
Aim: Sigmund, wielding a +0 scythe and wearing a +0 robe (almost dead, slightly transparent, about 47% to evade your +0 hand axe)
You hit Sigmund but do no damage.
Sigmund is almost dead.
Sigmund hits you with a +0 scythe.
* * * LOW HITPOINT WARNING * * *
Cleave: o) +0 hand axe
Press: ? - help, Dir - move target, f/p - Sigmund
Aim: Sigmund, wielding a +0 scythe and wearing a +0 robe (almost dead, slightly transparent, about 47% to evade your +0 hand axe)
You hit Sigmund.
You kill Sigmund!
Your Fighting skill increases to level 2!
Your Axes skill increases to level 4!
Your Shields skill increases to level 2!
You have reached level 4!
You feel agile.
You have reached level 5!
You start resting.
Your transformation is almost over.
You start resting.
You feel less wooden.
Your +0 ring mail unmelds from your body.
You start resting.
Magic restored.
You start resting.
HP restored.
Things that are here:
a +0 scythe; a +0 robe; the human skeleton of Sigmund The goblin shouts!
A goblin is nearby!
A goblin is nearby!
A goblin is nearby!
A goblin is nearby!
Roll where?
Press: ? - help, Dir - move target, f - goblin
Aim: a goblin, wielding a +0 dagger You roll forward with a clatter of scales!
You hit the goblin.
You kill the goblin!
You now have 84 gold pieces (gained 10).
You see here a +0 dagger.
Found a stone staircase leading down.
A kobold comes into view. It is wielding a +0 dagger.
The kobold throws a stone.
The stone hits you.
A kobold is nearby!
The kobold throws a stone.
The stone hits you but does no damage.
The kobold throws a stone.
The stone barely misses you. There's nothing you can charge at!
Unknown command.
The kobold throws a stone.
The stone closely misses you.
Roll where?
Press: ? - help, Dir - move target, f - kobold
Aim: a kobold, wielding a +0 dagger and quivering stones You roll forward with a clatter of scales!
You slash the kobold!
You kill the kobold!
Things that are here:
a +0 dagger; 4 stones
Things that are here:
a +0 dagger; 4 stones You see here a +0 dagger.
d - 3 potions of lignification (gained 1)
There is a stone staircase leading down here.
Key pressed, stopping explore.
Found a stone staircase leading down.
There is a stone staircase leading down here.
Terence is nearby!
Terence is nearby!
Terence shouts!
There's nothing you can charge at!
Unknown command.
Roll where?
Press: ? - help, Dir - move target, f - Terence
Aim: Terence, wielding a +0 hand axe and wearing a +0 chain mail You roll forward with a clatter of scales!
You hit Terence but do no damage.
You tail-slap Terence, but do no damage.
Terence hits you with a +0 hand axe!
You hit Terence.
Terence is lightly wounded.
Terence hits you with a +0 hand axe.
You hit Terence but do no damage.
Terence is lightly wounded.
Terence closely misses you.
You closely miss Terence.
Terence is lightly wounded.
Terence hits you with a +0 hand axe.
You hit Terence.
You tail-slap Terence, but do no damage.
Terence is moderately wounded.
Terence hits you with a +0 hand axe.
You barely miss Terence.
Terence is moderately wounded.
Terence hits you but does no damage. x2
You hit Terence but do no damage.
Terence is moderately wounded.
Terence barely misses you.
You hit Terence but do no damage. You tail-slap Terence.
Terence is heavily wounded.
Terence hits you with a +0 hand axe.
You hit Terence but do no damage.
Your tail-slap misses Terence.
Terence is heavily wounded.
Terence hits you with a +0 hand axe.
You hit Terence but do no damage.
Terence is heavily wounded.
Terence hits you with a +0 hand axe.
You hit Terence.
Terence is severely wounded.
Terence hits you with a +0 hand axe.
You hit Terence but do no damage.
Terence is severely wounded.
Terence closely misses you.
You hit Terence but do no damage.
Terence is severely wounded.
Terence barely misses you.
You hit Terence but do no damage.
Terence is heavily wounded.
Terence hits you but does no damage.
You hit Terence.
Terence is severely wounded.
Terence barely misses you.
You hit Terence.
Terence is severely wounded.
Terence hits you with a +0 hand axe.
* * * LOW HITPOINT WARNING * * *
You barely miss Terence.
Terence is severely wounded.
Terence hits you with a +0 hand axe.
* * * LOW HITPOINT WARNING * * *
You hit Terence but do no damage.
Terence is severely wounded.
Terence hits you with a +0 hand axe!
* * * LOW HITPOINT WARNING * * *
Terence hits you with a +0 hand axe.
* * * LOW HITPOINT WARNING * * *
You see here a +0 dagger.
There is a stone staircase leading up here.
Terence barely misses you.
You climb upwards.
There is a stone staircase leading down here.
You start resting.
Magic restored.
You start resting.
HP restored.
There is an open door here.
There is a stone staircase leading down here.
You climb downwards.
Level annotation: 1 runed translucent door, Crazy Yiuf, Terence
There is a stone staircase leading up here.
Crazy Yiuf shouts!
Could not explore, unopened runed door.
Could not explore, unopened runed door.
Press: ? - help, v - describe, . - travel
Here: Crazy Yiuf, wielding a +3 quarterstaff of chaos and wearing a +2 cloak (fire blocked by a runed translucent door)
The floor.
Unknown command.
Unknown command.
You aren't carrying any items that you can evoke.
Okay, then.
Crazy Yiuf says, "Seed water Orb Guardian!"
There is a stone staircase leading down here.
You climb downwards.
There is a stone staircase leading up here.
s - a scroll labelled HIGEER LEJOX A worm comes into view.
A worm is nearby!
A worm is nearby!
You hit the worm. You tail-slap the worm.
The worm is moderately wounded.
The worm bites you!
You hit the worm.
The worm is heavily wounded.
You slash the worm!
The worm is almost dead.
The worm bites you but does no damage.
You hit the worm.
You kill the worm!
Your Fighting skill increases to level 3!
No target in view!
No target in view!
No target in view!
No target in view!
No target in view!
No target in view!
No target in view!
No target in view!
No target in view!
Magic restored.
HP restored.
You see here a worm corpse.
A kobold comes into view. It is wielding a +0 club.
A kobold is nearby!
A kobold is nearby!
A kobold is nearby!
You hit the kobold but do no damage. The kobold hits you with a +0 club.
You hit the kobold.
The kobold is moderately wounded.
The kobold barely misses you.
You closely miss the kobold. You tail-slap the kobold.
The kobold is severely wounded.
The kobold hits you but does no damage.
You hit the kobold.
You kill the kobold!
No target in view!
Things that are here:
a +0 club; 5 stones
Things that are here:
a +0 club; 5 stones
Found a stone staircase leading down.
No target in view!
No target in view!
No target in view!
A hobgoblin comes into view.
The hobgoblin shouts!
A hobgoblin is nearby!
A hobgoblin is nearby!
There is a stone staircase leading down here.
The hobgoblin hits you.
You barely miss the hobgoblin. The hobgoblin barely misses you.
You barely miss the hobgoblin. You tail-slap the hobgoblin.
The hobgoblin is almost dead.
The hobgoblin closely misses you.
You barely miss the hobgoblin.
The hobgoblin is almost dead.
The hobgoblin barely misses you.
You hit the hobgoblin.
You kill the hobgoblin!
No target in view!
No target in view!
No target in view!
No target in view!
No target in view!
No target in view!
You open the door.
There is an open door here.
As you open the door, it creaks loudly!
There is an open door here.
A giant cockroach comes into view.
A giant cockroach is nearby!
A giant cockroach is nearby!
An endoplasm comes into view.
The endoplasm quivers.
The endoplasm freezes you.
You are frozen.
The giant cockroach bites you but does no damage.
You hit the giant cockroach.
The giant cockroach is moderately wounded.
You hit the endoplasm. The endoplasm closely misses you.
The giant cockroach bites you but does no damage.
You hit the endoplasm.
You kill the endoplasm!
You hit the giant cockroach. The giant cockroach barely misses you.
You hit the giant cockroach but do no damage.
You tail-slap the giant cockroach.
You kill the giant cockroach!
No target in view!
No target in view!
No target in view!
No target in view!
No target in view!
No target in view!
No target in view!
A hobgoblin comes into view.
The hobgoblin shouts!
A bat comes into view.
Found a stone staircase leading up.
There are monsters nearby!
There are monsters nearby!
There are monsters nearby!
Found an escape hatch in the floor.
A worm comes into view.
The bat hits you but does no damage.
You hit the bat.
You kill the bat!
A bat comes into view.
The hobgoblin closely misses you.
You hit the hobgoblin.
Your tail-slap misses the hobgoblin.
The hobgoblin is moderately wounded.
The hobgoblin closely misses you.
You closely miss the hobgoblin.
The hobgoblin is moderately wounded.
The bat hits you. The hobgoblin hits you.
A goblin comes into view. It is wielding a +2 dagger of draining.
Your ring mail prevents you from hitting the hobgoblin.
The goblin shouts!
You tail-slap the hobgoblin, but do no damage.
The hobgoblin is moderately wounded.
You hit the bat.
You kill the bat!
The hobgoblin hits you but does no damage.
You hit the hobgoblin but do no damage.
The hobgoblin is moderately wounded.
The hobgoblin barely misses you.
You hit the hobgoblin.
Your tail-slap misses the hobgoblin.
The hobgoblin is severely wounded.
Your ring mail prevents you from hitting the worm.
The hobgoblin hits you. The worm bites you.
You hit the hobgoblin.
You kill the hobgoblin!
You hit the worm but do no damage. You barely miss the worm.
The worm bites you.
You barely miss the worm. You hit the worm but do no damage.
You hit the goblin. The goblin hits you but does no damage.
You feel drained. The worm barely misses you.
Your ring mail prevents you from hitting the goblin.
Your tail-slap misses the goblin.
The goblin is moderately wounded.
You hit the worm but do no damage.
The goblin hits you with a +2 dagger of draining.
You feel drained. The worm bites you!
You are too injured to fight recklessly!
You are too injured to fight recklessly!
You closely miss the goblin.
The goblin is moderately wounded.
The goblin hits you with a +2 dagger of draining.
You feel drained.
You barely miss the goblin.
The goblin is moderately wounded.
The goblin closely misses you.
You slash the goblin!
You kill the goblin!
Things that are here:
a +2 dagger of draining; a goblin corpse You hit the worm.
You tail-slap the worm.
The worm is heavily wounded.
The worm barely misses you.
You barely miss the worm.
The worm is heavily wounded.
You hit the worm.
The worm is severely wounded.
The worm bites you but does no damage.
You slash the worm!
You kill the worm!
You see here a worm corpse.
There is a stone staircase leading up here.
Found a stone staircase leading down.
There is a stone staircase leading down here.
You open the door.
There is an open door here.
Found 16 sling bullets.
A bat comes into view.
A bat is nearby!
A bat is nearby!
Roll where?
Press: ? - help, Dir - move target, f - bat
Aim: a bat You roll forward with a clatter of scales!
You hit the bat.
The bat is moderately wounded.
You hear an angry hiss.
The bat closely misses you. The bat hits you but does no damage.
Roll where?
Press: ? - help, Dir - move target, f/p - bat
Aim: a bat (moderately wounded)
You roll forward with a clatter of scales!
You hit the bat but do no damage.
Your tail-slap misses the bat.
The bat is moderately wounded.
The bat hits you but does no damage.
Roll where?
Press: ? - help, Dir - move target, f/p - bat
Aim: a bat (moderately wounded)
You roll forward with a clatter of scales!
You hit the bat.
You kill the bat!
You hear a shout!
A frilled lizard comes into view.
Roll where?
Press: ? - help, Dir - move target, f - frilled lizard
Aim: a frilled lizard You roll forward with a clatter of scales!
You hit the frilled lizard.
You kill the frilled lizard!
A hobgoblin comes into view. It is wielding a +0 club.
A hobgoblin is nearby!
A hobgoblin is nearby!
A hobgoblin is nearby!
The hobgoblin throws a stone.
The stone barely misses you.
Roll where?
Press: ? - help, Dir - move target, f - hobgoblin
Aim: a hobgoblin, wielding a +0 club and quivering stones You roll forward with a clatter of scales!
You slash the hobgoblin!
You kill the hobgoblin!
Unknown command.
Things that are here:
a +0 club; 26 stones You now have 98 gold pieces (gained 14).
A black bear comes into view.
The black bear growls angrily.
Found a ring mail.
A black bear is nearby!
There is a stone staircase leading up here.
You climb upwards.
Level annotation: 1 runed translucent door, Crazy Yiuf, Terence
There is a stone staircase leading down here.
Terence shouts!
Terence is nearby!
You can't go down here!
Unknown command.
There's nothing you can charge at!
Unknown command.
Roll where?
Press: ? - help, Dir - move target, f - Terence
Aim: Terence, wielding a +0 hand axe and wearing a +0 chain mail You roll forward with a clatter of scales!
You hit Terence.
Your tail-slap misses Terence.
Terence is moderately wounded.
Terence says, "You're history."
Terence hits you but does no damage.
You closely miss Terence.
You tail-slap Terence, but do no damage.
Terence is moderately wounded.
Terence hits you with a +0 hand axe.
You hit Terence.
Your tail-slap misses Terence.
Terence is heavily wounded.
Terence barely misses you.
You hit Terence.
Terence is severely wounded.
Terence hits you with a +0 hand axe.
You hit Terence.
You tail-slap Terence, but do no damage.
Terence is almost dead.
Terence hits you with a +0 hand axe.
You barely miss Terence. You tail-slap Terence.
You kill Terence!
Your life force feels restored.
Things that are here:
a +0 hand axe; a +0 chain mail; the human corpse of Terence
There is a stone staircase leading down here.
You climb downwards.
There is a stone staircase leading up here.
Magic restored.
HP restored.
A giant cockroach comes into view.
A giant cockroach is nearby!
A giant cockroach is nearby!
The giant cockroach bites you but does no damage.
You closely miss the giant cockroach.
Your tail-slap misses the giant cockroach.
The giant cockroach completely misses you.
The giant cockroach barely misses you.
You closely miss the giant cockroach.
The giant cockroach bites you but does no damage.
You barely miss the giant cockroach. The giant cockroach closely misses you.
You hit the giant cockroach.
The giant cockroach is severely wounded.
The giant cockroach completely misses you.
You hit the giant cockroach but do no damage.
The giant cockroach is severely wounded.
The giant cockroach barely misses you. The giant cockroach closely misses you.
You hit the giant cockroach but do no damage.
The giant cockroach is severely wounded.
The giant cockroach misses you.
You barely miss the giant cockroach.
The giant cockroach is severely wounded.
The giant cockroach bites you but does no damage.
You closely miss the giant cockroach.
Your tail-slap misses the giant cockroach.
The giant cockroach is severely wounded.
The giant cockroach barely misses you.
You hit the giant cockroach but do no damage.
The giant cockroach is severely wounded.
The giant cockroach barely misses you. The giant cockroach closely misses you.
You hit the giant cockroach but do no damage.
The giant cockroach is heavily wounded.
The giant cockroach barely misses you.
You closely miss the giant cockroach. You tail-slap the giant cockroach.
You kill the giant cockroach!
You see here a giant cockroach corpse.
A bat comes into view.
There is an open door here.
A bat is nearby!
A bat is nearby!
A bat is nearby!
The bat hits you but does no damage.
You hit the bat but do no damage.
Your tail-slap misses the bat.
The bat hits you but does no damage. The bat closely misses you.
Okay, then.
You hit the bat.
You kill the bat!
No target in view!
Found a leather armour.
An orc comes into view. It is wielding a +0 dagger.
The orc shouts!
Found a stone staircase leading down.
An orc is nearby!
An orc is nearby!
Roll where?
Press: ? - help, Dir - move target, f - orc
Aim: an orc, wielding a +0 dagger You roll forward with a clatter of scales!
You hit the orc. You tail-slap the orc.
You kill the orc!
You hear an angry hiss.
t - a wand of random effects (19)
You open the gate.
An adder comes into view.
There is an open gate here.
An adder is nearby!
An adder is nearby!
The adder hisses angrily.
There is an open gate here.
Roll where?
Press: ? - help, Dir - move target, f - adder
Aim: an adder You roll forward with a clatter of scales!
You slash the adder!
You kill the adder!
You hear a shout!
You have reached level 6!
Your experience leads to an increase in your attributes!
Increase (S)trength, (I)ntelligence, or (D)exterity?
You feel agile.
A goblin comes into view. It is wielding a +0 club.
The goblin shouts!
A goblin is nearby!
A goblin is nearby!
A goblin is nearby!
Roll where?
Press: ? - help, Dir - move target, f - goblin
Aim: a goblin, wielding a +0 club You roll forward with a clatter of scales!
You hit the goblin.
You kill the goblin!
Things that are here:
a +0 club; a goblin corpse
Found an escape hatch in the ceiling.
You open the door.
There is an open door here.
Found a long sword.
You now have 111 gold pieces (gained 13).
There is an open door here.
You open the door.
There is an open door here.
You open the door.
There is an open door here.
You open the door.
There is an open door here.
You open the door.
There is an open door here.
You open the door.
There is an open door here.
There is an open door here.
You see here a +0 ring mail.
There is an open door here.
Done exploring.
Done exploring.
Done exploring.
(D) Dungeon
Where to? (Enter - D:2 @ (x,y), ? - help)
There is a stone staircase leading down here.
You climb downwards.
There is a stone staircase leading up here.
There is a stone staircase leading up here.
Found a stone staircase leading down.
A bullfrog skeleton comes into view.
The bullfrog skeleton moves out of view.
Found 14 gold pieces.
A bullfrog skeleton is nearby!
A bullfrog skeleton is nearby!
A bullfrog skeleton is nearby!
A black bear comes into view.
The black bear growls angrily.
Roll where?
Press: ? - help, Dir - move target, f - bullfrog skeleton
Aim: a bullfrog skeleton You roll forward with a clatter of scales!
You barely miss the bullfrog skeleton. You tail-slap the bullfrog skeleton!
The bullfrog skeleton is heavily damaged.
You hear a shout!
The bullfrog skeleton hits you.
The bullfrog skeleton hits you but does no damage.
You hit the bullfrog skeleton. You tail-slap the bullfrog skeleton!
The bullfrog skeleton is almost destroyed.
The bullfrog skeleton hits you.
You slash the bullfrog skeleton!
You destroy the bullfrog skeleton!
Your Axes skill increases to level 5!
There is a stone staircase leading up here.
You climb upwards.
There is a stone staircase leading down here.
Magic restored.
There is a stone staircase leading up here.
There is a stone staircase leading down here.
You climb downwards. 3 lemures and Pikel come into view.
Pikel is wielding a +1 whip of flaming.
Pikel shouts!
The lemure shouts! x3; You hear a shout!
The lemure moves out of view.
There is a stone staircase leading up here.
There are monsters nearby!
The lemure hits you.
You climb upwards.
There is a stone staircase leading down here.
You hit the lemure but do no damage. The lemure hits you.
You closely miss the lemure. The lemure hits you.
The lemure hits you but does no damage.
You hit the lemure.
The lemure is lightly wounded.
The lemure hits you.
You hit the lemure. You tail-slap the lemure.
The lemure is moderately wounded.
The lemure hits you.
You hit the lemure.
Your tail-slap misses the lemure.
The lemure is moderately wounded.
The lemure hits you but does no damage.
You hit the lemure.
Your tail-slap misses the lemure.
The lemure is heavily wounded.
The lemure closely misses you.
You closely miss the lemure. You tail-slap the lemure.
The lemure is heavily wounded.
The lemure hits you.
You hit the lemure but do no damage.
The lemure is heavily wounded.
The lemure hits you.
You hit the lemure.
The lemure is severely wounded.
The lemure closely misses you.
You closely miss the lemure.
The lemure is severely wounded.
The lemure hits you.
You barely miss the lemure. You tail-slap the lemure.
The lemure is severely wounded.
The lemure hits you.
You are too injured to fight recklessly!
You are too injured to fight recklessly!
You are too injured to fight recklessly!
You are too injured to fight recklessly!
You are too injured to fight recklessly!
You are too injured to fight recklessly!
You are too injured to fight recklessly!
You are too injured to fight recklessly!
You are too injured to fight recklessly!
You are too injured to fight recklessly!
You are too injured to fight recklessly!
You slash the lemure! You tail-slap the lemure.
The lemure is almost dead.
The lemure hits you.
You hit the lemure.
You kill the lemure!
That felt strangely unrewarding.
You start resting.
Magic restored.
You start resting.
HP restored.
There is a stone staircase leading down, spattered with blood here.
Unknown command.
Unknown command.
Unknown command.
Unknown command.
You can't go up here!
You climb downwards.
Level annotation: Pikel Pikel hits you with a +1 whip of flaming.
Pikel burns you.
Pikel hits you with a +1 whip of flaming!
Pikel burns you.
There is a stone staircase leading up here.
Pikel barely misses you. The lemure hits you!
You climb upwards.
There is a stone staircase leading down, spattered with blood here.
Aiming: Random Effects
Press: ? - help, Shift-Dir - straight line, f - lemure
Aim: a lemure
Okay, then.
Really quaff the potion of lignification?
You turn into a tree.
Your +0 ring mail melds into your body.
Your roots penetrate the ground.
Pikel hits you but does no damage. The lemure hits you but does no damage.
Aiming: Random Effects
Press: ? - help, Shift-Dir - straight line, f - Pikel
Aim: Pikel, wielding a +1 whip of flaming and wearing a +0 robe Pikel seems to slow down.
The lemure hits you but does no damage. Pikel hits you but does no damage.
You hit Pikel.
Pikel is lightly wounded.
You hit the lemure but do no damage. The lemure hits you but does no damage.
You miss Pikel.
Pikel is lightly wounded.
You barely miss the lemure. Pikel hits you but does no damage.
The lemure hits you but does no damage.
You closely miss Pikel.
Pikel is lightly wounded.
You hit the lemure.
Pikel hits you with a +1 whip of flaming.
Pikel burns you. The lemure hits you but does no damage.
You hit Pikel but do no damage.
Pikel is lightly wounded.
You completely miss the lemure. The lemure hits you but does no damage.
Pikel hits you with a +1 whip of flaming.
* * * LOW HITPOINT WARNING * * *
Pikel burns you.
* * * LOW HITPOINT WARNING * * *
You closely miss Pikel.
Pikel is lightly wounded.
You closely miss the lemure. The lemure hits you.
* * * LOW HITPOINT WARNING * * *
You barely miss Pikel.
Pikel is lightly wounded.
You hit the lemure. Pikel hits you but does no damage. The lemure hits you.
* * * LOW HITPOINT WARNING * * *
You hit Pikel.
Pikel is lightly wounded.
You barely miss the lemure. The lemure hits you but does no damage.
Pikel hits you but does no damage.
You hit Pikel.
Pikel is lightly wounded.
You closely miss the lemure. The lemure completely misses you.
Pikel hits you but does no damage.
You closely miss Pikel.
Pikel is lightly wounded.
You hit the lemure. The lemure hits you but does no damage.
You closely miss Pikel.
Pikel is lightly wounded.
You hit the lemure but do no damage. The lemure hits you.
* * * LOW HITPOINT WARNING * * *
Pikel hits you but does no damage.
You barely miss Pikel.
Pikel is lightly wounded.
You barely miss the lemure. The lemure hits you but does no damage.
Pikel hits you but does no damage.
You hit Pikel.
Pikel is moderately wounded.
You barely miss the lemure. The lemure hits you but does no damage.
You hit Pikel but do no damage.
Pikel is moderately wounded.
You closely miss the lemure. Pikel hits you but does no damage.
The lemure hits you but does no damage.
You barely miss Pikel.
Pikel is moderately wounded.
You barely miss the lemure.
Your transformation is almost over.
The lemure hits you.
* * * LOW HITPOINT WARNING * * *
Pikel hits you with a +1 whip of flaming.
* * * LOW HITPOINT WARNING * * *
Pikel burns you.
* * * LOW HITPOINT WARNING * * *
You closely miss Pikel.
Pikel is moderately wounded.
You miss the lemure. The lemure hits you but does no damage.
You closely miss Pikel.
Pikel is moderately wounded.
You hit the lemure but do no damage. Pikel hits you but does no damage.
The lemure hits you but does no damage.
You closely miss Pikel.
Pikel is moderately wounded.
You hit the lemure. The lemure completely misses you.
Pikel hits you but does no damage.
You closely miss Pikel.
Pikel is moderately wounded.
You hit the lemure but do no damage. The lemure hits you but does no damage.
Pikel hits you but does no damage.
You hit Pikel.
Pikel is moderately wounded.
You closely miss the lemure. The lemure hits you.
* * * LOW HITPOINT WARNING * * *
What are your orders? t - Creak!
Orders for allies: a - Attack new target. p - Attack previous target. r - Retreat! s - Stop attacking. g - Guard the area. f - Follow me.
Anything else - Cancel.
Okay, then.
Aiming: Random Effects
Press: ? - help, Shift-Dir - straight line, f/p - Pikel
Aim: Pikel, wielding a +1 whip of flaming and wearing a +0 robe (moderately wounded, slow) Pikel resists with some effort.
Pikel is no longer moving slowly.
The lemure hits you but does no damage.
Pikel hits you with a +1 whip of flaming.
* * * LOW HITPOINT WARNING * * *
Pikel burns you.
* * * LOW HITPOINT WARNING * * *
Aiming: Random Effects
Press: ? - help, Shift-Dir - straight line, f/p - Pikel
Aim: Pikel, wielding a +1 whip of flaming and wearing a +0 robe (moderately wounded) Pikel twists and deforms.
The lemure hits you but does no damage. Pikel hits you but does no damage.
Aiming: Random Effects
Press: ? - help, Shift-Dir - straight line, f/p - Pikel
Aim: Pikel, wielding a +1 whip of flaming and wearing a +0 robe (moderately wounded, misshapen and mutated) Pikel is outlined in light.
The lemure barely misses you. Pikel hits you but does no damage.
You hit Pikel.
Pikel is moderately wounded.
You hit the lemure but do no damage.
You feel less wooden.
Your +0 ring mail unmelds from your body.
The lemure hits you!
* * * LOW MAGIC WARNING * * *;
* * * LOW HITPOINT WARNING * * *
Pikel hits you with a +1 whip of flaming.
* * * LOW MAGIC WARNING * * *;
* * * LOW HITPOINT WARNING * * *
Pikel burns you.
You die...

#..........#
...........#
...........#
...........#
...........#
...........#
..........###
............######
............'..5@#
...##+#.....##.#K#
............##.#.#
............##.#.#
>..........###.#.#
...........# #.#.#
.....#.....# #.#.#
.........#####.#.#
....รท............#


You could see Pikel (misshapen, corona) and a lemure.

Vanquished Creatures
  Sigmund (D:2)
  A lemure (D:3)
  A bullfrog skeleton (D:4)
  Terence (D:2)
  An adder (D:3)
  3 worms
  2 dart slugs (D:1)
  An orc (D:3)
  6 ball pythons
  6 endoplasms
  5 giant cockroaches
  9 goblins
  5 hobgoblins
  6 jackals
  6 kobolds
  2 quokkas (D:1)
  6 bats
  4 frilled lizards
  2 rats
68 creatures vanquished.

Notes
Turn   | Place    | Note
-------+----------+-------------------------------------------
     0 | D:1      | sleeves the Palentonga Wanderer began the quest for the
                  | Orb.
     0 | D:1      | sleeves set off with the following items: a +0 hand
                  | crossbow, a +0 kite shield, 26 bolts, a potion of
                  | lignification, a +0 robe
     0 | D:1      | Reached XP level 1. HP: 13/13 MP: 4/4
   143 | D:1      | Reached XP level 2. HP: 21/21 MP: 6/6
   186 | D:1      | Reached skill level 1 in Fighting
   649 | D:1      | Reached XP level 3. HP: 27/27 MP: 7/7
  1208 | D:2      | Found Zarima's Antique Weapon Boutique.
  1379 | D:2      | Found a runed translucent door.
  1380 | D:2      | Noticed Crazy Yiuf
  1403 | D:2      | Noticed Terence
  1571 | D:2      | HP: 14/28 [ball python (2)]
  1861 | D:2      | Noticed Sigmund
  1865 | D:2      | HP: 13/28 [Sigmund/+0 scythe (7)]
  1873 | D:2      | HP: 14/42 [Sigmund/+0 scythe (1)]
  1886 | D:2      | HP: 7/42 [Sigmund/+0 scythe (4)]
  1891 | D:2      | HP: 3/42 [Sigmund/+0 scythe (1)]
  1892 | D:2      | Killed Sigmund
  1893 | D:2      | Reached skill level 2 in Fighting
  1893 | D:2      | Reached skill level 4 in Axes
  1893 | D:2      | Reached skill level 2 in Shields
  1893 | D:2      | Reached XP level 4. HP: 4/36 MP: 2/8
  1893 | D:2      | Reached XP level 5. HP: 5/42 MP: 2/9
  2416 | D:2      | HP: 19/42 [Terence/+0 hand axe (5)]
  2418 | D:2      | HP: 8/42 [Terence/+0 hand axe (2)]
  2760 | D:3      | Reached skill level 3 in Fighting
  3147 | D:3      | Noticed a black bear
  3190 | D:2      | Killed Terence
  3359 | D:3      | Reached XP level 6. HP: 50/50 MP: 10/10
  3576 | D:4      | Reached skill level 5 in Axes
  3612 | D:4      | Noticed Pikel
  3778 | D:3      | HP: 34/75 [Pikel/+1 whip of flaming (5)]
  3784 | D:3      | HP: 23/75 [lemure[Pikel] (5)]
  3793 | D:3      | HP: 19/75 [lemure[Pikel] (3)]
  3797 | D:3      | HP: 4/50 [lemure[Pikel] (6)]
  3797 | D:3      | HP: 1/50 [Pikel/+1 whip of flaming (3)]
  3797 | D:3      | Slain by Pikel

Illustrated notes

Levels and vault maps discovered:
D:1:      dpeg_arrival_short_road, layout_basic
D:2:      layout_loops_ring, serial_shops, shop, uniq_sigmund,
          uniq_crazy_yiuf_cottage, uniq_terence
D:3:      layout_basic
D:4:      lemuel_upstairs_altar, layout_basic, minmay_temple_entry_waves,
          uniq_menkaure, uniq_pikel

Skill      XL: |  1  2  3  4  5  6 |
---------------+-------------------+-----
Fighting       | 1 2 3 |  3.0
Axes           | 4 5 |  5.1
Shields        | 2 |  2.7
Stealth        | |  1.0
Spellcasting   | |  3.0
Fire Magic     | |  1.0
Ice Magic      | |  1.0

Action                   |  1- 3 |  4- 6 || total
-------------------------+-------+-------++-------
Melee: Mace              |    56 |       ||    56
       Tailslap          |     3 |    20 ||    23
       Hand axe          |    60 |   116 ||   176
 Fire: Hand crossbow     |    15 |       ||    15
 Abil: Rolling Charge    |    10 |    13 ||    23
Evoke: Wand              |       |     4 ||     4
  Use: Potion            |     1 |     1 ||     2
 Stab: Sleeping          |     1 |       ||     1
Armor: Robe              |    24 |       ||    24
       Ring mail         |    29 |    23 ||    52
       Skin              |    14 |    30 ||    44
Dodge: Dodged            |    45 |    41 ||    86
Block: Kite shield       |     1 |       ||     1

Table legend: (Time is in decaauts)
 A = Elapsed time spent in this place.
 B = Non-inter-level travel time spent in this place.
 C = Inter-level travel time spent in this place.
 D = Time resting spent in this place.
 E = Time spent auto-exploring this place.
 F = Levels seen in this place.
 G = Mean time per level.
                   A        B        C        D        E       F      G
               +--------+--------+--------+--------+--------+-----+--------+
         Total |   3842 |   3686 |    156 |    628 |   2401 |   4 |  960.5 |
       Dungeon |   3842 |   3686 |    156 |    628 |   2401 |   4 |  960.5 |
               +--------+--------+--------+--------+--------+-----+--------+

Top non-repeatable levels by time:
     D:2: 1413 daAuts
     D:1: 1381 daAuts
     D:3: 1026 daAuts
     D:4: 20 daAuts
